 Dungeon Crawl Stone Soup version 0.28.0-53-g5a82cb258f (webtiles) character file.

Game seed: 10914914978779686271

490 Sin92 the Skirmisher (level 6, 0/48 HPs)
             Began as a Demonspawn Fighter on July 5, 2022.
             Was an Initiate of Hepliaklqana.
             Killed by divine providence
             ... invoked by an orc priest
              (10 damage)
             ... on level 5 of the Dungeon.
             The game lasted 00:04:39 (4740 turns).

Sin92 the Skirmisher (Demonspawn Fighter)           Turns: 4740, Time: 00:04:40

Health: 0/48       AC:  1    Str: 17    XL:     6   Next: 90%
Magic:  0/9        EV:  9    Int:  9    God:    Hepliaklqana [......]
Gold:   171        SH:  5    Dex: 14    Spells: 9/9 levels left

rFire   . . .      SeeInvis +   a - +0 trident
rCold   . . .      Faith    .   c - +0 buckler
rNeg    + . .      Spirit   +   b - +0 scale mail
rPois   .          Reflect  .   (no helmet)
rElec   .          Harm     .   (no cloak)
rCorr   .          Rampage  .   (no gloves)
Will    .....                   (no boots)
Stlth   ..........              t - amulet of guardian spirit
HPRegen 0.16/turn               e - ring of positive energy
MPRegen 0.11/turn               h - ring of see invisible

@: corroded, attractive
A: slimy green scales 1, demonic magic 1, demonic touch 1
a: Renounce Religion


You were on level 5 of the Dungeon.
You worshipped Hepliaklqana.
Hepliaklqana was noncommittal.
You visited 2 branches of the dungeon, and saw 6 of its levels.

You collected 171 gold pieces.

Inventory:

Hand Weapons
 a - a +0 trident (weapon)
Armour
 b - a +0 scale mail (worn)
 c - a +0 buckler (worn)
Jewellery
 e - a ring of positive energy (left hand)
 h - a ring of see invisible (right hand)
 j - a ring of resist corrosion
 o - a ring of protection from cold
 s - an amulet of magic regeneration
 t - an amulet of guardian spirit (around neck)
Wands
 n - a wand of charming (13)
Scrolls
 g - 2 scrolls of fear
 i - 3 scrolls of amnesia
 p - a scroll of vulnerability
 q - a scroll of blinking
Potions
 d - a potion of might
 f - a potion of brilliance
 l - a potion of curing
 r - a potion of attraction
 u - a potion of resistance


   Skills:
 + Level 4.2 Fighting
 * Level 4.2 Polearms
 + Level 3.8 Armour
 + Level 3.7 Shields
 + Level 2.3 Spellcasting


You had 9 spell levels left.
You didn't know any spells.
Your spell library contained the following spells:

 Spells                   Type           Power      Damage    Failure   Level
 Corpse Rot               Necr/Air       2%         N/A       91%         2
 Poisonous Vapours        Pois/Air       2%         N/A       91%         2
 Call Canine Familiar     Summ           1%         N/A       99%         3
 Portal Projectile        Hex/Tloc       2%         N/A       99%         3
 Leda's Liquefaction      Hex/Erth       0%         N/A       100%        4


Dungeon Overview and Level Annotations

Branches:
Dungeon (5/15)             Temple (1/1) D:4

Altars:
Ashenzari
Cheibriados
Dithmenos
Fedhas
Gozag
Hepliaklqana
Kikubaaqudgha
Makhleb
Nemelex Xobeh
Okawaru
Qazlal
Ru
Sif Muna
Trog
Uskayaw
Vehumet
Wu Jian
Xom
Yredelemnul
Zin
The Shining One


Innate Abilities, Weirdness & Mutations

You are partially covered in slimy green scales. (AC +2)
Spells you cast may paralyse adjacent enemies.
Your touch may inflict minor irresistible damage on your foes.


Message History

Done exploring.
There is a staircase to the Ecumenical Temple here.
There is a stone staircase leading down here.
You climb downwards.
There is a stone staircase leading up here.
You feel your willpower return.
A jelly comes into view.
Found a blackened gold wand.
The jelly quivers. 2 orcs, an orc priest and a bullfrog skeleton come into view.
The orc priest is wielding a +0 hand axe of distortion.
The orc shouts! x2; The orc priest shouts!
The orc priest looks satisfied for a moment.
Okay, then.
Okay, then.
It was a potion of attraction.
You feel attractive to monsters. The orc priest is attracted toward you.
The orc is attracted toward you.
The bullfrog skeleton is attracted toward you.
You puncture the jelly!
Your hands burn!
The jelly is heavily wounded.
The jelly hits you.
You are splashed with acid!
The jelly hits you. The acid corrodes you!
You are splashed with acid!
You hit the jelly.
Your hands burn!
The jelly is almost dead.
The jelly hits you. The acid corrodes you!
You are splashed with acid.
You hit the jelly.
You kill the jelly!
The orc is attracted toward you. The orc priest is attracted toward you.
You barely miss the orc. You block the orc's attack.
The orc priest mumbles some strange prayers to Beogh against you.
Beogh smites you!
* * * LOW HITPOINT WARNING * * *
You hear a shout!
You hit the orc but do no damage.
An orc comes into view.
It is wielding a +0 hand axe and quivering boomerangs of dispersal.
A hound zombie comes into view.
The orc priest invokes the aid of Beogh against you.
Beogh smites you!
You die...

.#
##########.#
#...........
#...........
#...........
###...........
#
#.@...........
#.#
#o#...........
..
#o####<.......
.####.#o#
#........
........#
#........
.####...#
#.#######
./.Z..# #.#
###.o..# #.#
#..Z.# #.#


You could see an orc priest, 3 orcs and a hound zombie (wandering).

Vanquished Creatures
  A black bear (D:4)
  A scorpion (D:4)
  A centaur skeleton (D:4)
  A jelly (D:5)
  4 hounds (D:4)
  An iguana (D:4)
  6 adders
  A worm (D:4)
  A dart slug (D:2)
  5 orcs (D:4)
  2 bats (D:1)
  3 endoplasms
  2 giant cockroaches
  10 goblins
  2 hobgoblins (D:2)
  16 jackals
  2 quokkas
  2 ball pythons (D:1)
  3 frilled lizards
  9 kobolds
  3 rats
76 creatures vanquished.

Vanquished Creatures (others)
  A minotaur (D:1)
  A draconian (D:1)
  An octopode (D:1)
  A vine stalker (D:1)
  A troll (D:1)
  2 merfolk (D:1)
  2 humans (D:1)
  3 ogres (D:1)
  3 plants (D:3)
  4 tentacles (D:1)
19 creatures vanquished.

Grand Total: 95 creatures vanquished

Notes
Turn   | Place    | Note
-------+----------+-------------------------------------------
     0 | D:1      | Sin92 the Demonspawn Fighter began the quest for the Orb.
     0 | D:1      | Reached XP level 1. HP: 18/18 MP: 1/1
     0 | D:1      | Noticed a human
     0 | D:1      | Noticed a human
     0 | D:1      | Noticed a minotaur
     0 | D:1      | Noticed a merfolk
     0 | D:1      | Noticed an ogre
     0 | D:1      | Noticed a troll
     0 | D:1      | Noticed a kraken
     0 | D:1      | Noticed a merfolk
     0 | D:1      | Noticed an octopode
     0 | D:1      | Noticed a vine stalker
     0 | D:1      | Noticed a draconian
     0 | D:1      | Noticed an ogre
     0 | D:1      | Noticed an ogre
     4 | D:1      | Killed a troll
     5 | D:1      | Killed an ogre
     7 | D:1      | Killed a human
     7 | D:1      | Killed a merfolk
     8 | D:1      | Killed an ogre
     8 | D:1      | Killed an octopode
     9 | D:1      | Killed a human
     9 | D:1      | Killed a vine stalker
    11 | D:1      | Killed a minotaur
    12 | D:1      | Killed a merfolk
    12 | D:1      | Killed a draconian
    13 | D:1      | Killed an ogre
   282 | D:1      | Gained mutation: Spells you cast may paralyse adjacent
                  | enemies. [demonic ancestry]
   282 | D:1      | Reached XP level 2. HP: 23/24 MP: 2/2
   454 | D:1      | Found a faded altar of an unknown god.
  1288 | D:2      | Reached XP level 3. HP: 17/29 MP: 3/3
  1676 | D:2      | Reached skill level 1 in Spellcasting
  1916 | D:2      | Gained mutation: You are partially covered in slimy green
                  | scales. (AC +2) [demonic ancestry]
  1916 | D:2      | Reached XP level 4. HP: 30/35 MP: 5/5
  3107 | D:4      | Gained mutation: Your touch may inflict minor irresistible
                  | damage on your foes. [demonic ancestry]
  3107 | D:4      | Reached XP level 5. HP: 29/41 MP: 5/7
  3249 | D:4      | Found a staircase to the Ecumenical Temple.
  3303 | D:4      | Noticed a black bear
  3315 | D:4      | Killed a black bear
  3316 | D:4      | Reached XP level 6. HP: 10/48 MP: 8/8
  3351 | Temple   | Entered the Ecumenical Temple
  3931 | Temple   | Became a worshipper of Hepliaklqana the Forgotten
  4718 | D:5      | Entered Level 5 of the Dungeon
  4740 | D:5      | Killed from afar by an orc priest

Illustrated notes

Levels and vault maps discovered:
D:1:      nicolae_arrival_kraken_aquarium_a, layout_loops_corners,
          ebering_ecumenical_altar_webs
D:2:      layout_rooms
D:3:      layout_loops_ring, serial_aquarium, aquarium_bridge_square
          [aquarium_subvault_bridge, aquarium_subvault_bridge,
          aquarium_subvault_bridge, aquarium_subvault_bridge],
          aquarium_window_1, aquarium_window_fake, aquarium_window_1,
          aquarium_window_corridor_1, aquarium_view_2e, aquarium_view_2c,
          minmay_hedge_maze, chequers_mini_garden, guppyfry_early_lair_pool
D:4:      layout_loops_ring, minmay_temple_entry_trees, minmay_surrounded
D:5:      layout_basic, nicolae_elyvilon_peaceful_grove,
          chequers_serial_rivers_micro_a, uniq_ijyb, uniq_edmund
Temple:   mainiacjoe_temple_trianglar_array

Skill      XL: |  1  2  3  4  5  6 |
---------------+-------------------+-----
Polearms       | 2 3 4 |  4.2
Armour         | 3 |  3.8
Shields        | 3 |  3.7
Spellcasting   | 1 2 |  2.3
Fighting       | 4 |  4.2

Action                   |  1- 3 |  4- 6 || total
-------------------------+-------+-------++-------
Melee: Trident           |   179 |   152 ||   331
  Use: Potion            |     1 |     2 ||     3
       Scroll            |       |    10 ||    10
Armor: Scale mail        |    72 |    51 ||   123
Dodge: Dodged            |    84 |    62 ||   146
Block: Buckler           |    47 |    36 ||    83
